 Dungeon Crawl Stone Soup version 0.19.5 (webtiles) character file.

229 Peloso the Shield-Bearer (level 5, -4/47 HPs)
             Began as a Minotaur Fighter on Apr 9, 2017.
             Slain by an ogre
             ... wielding a +0 giant spiked club
              (6 damage)
             ... on level 4 of the Dungeon.
             The game lasted 00:06:57 (2266 turns).

Peloso the Shield-Bearer (Minotaur Fighter)         Turns: 2266, Time: 00:06:58

Health: -4/47      AC: 11    Str: 20    XL:     5   Next: 71%
Magic:  4/4        EV:  5    Int:  5    God:
Gold:   187        SH: 10    Dex: 11    Spells: 0 memorised, 4 levels left

rFire  . . .     SeeInvis .     a - +1 long sword
rCold  . . .     Gourm    .     l - +0 chain mail
rNeg   . . .     Faith    .     c - +0 shield
rPois  .         Spirit   .     (helmet restricted)
rElec  .         Reflect  .     (no cloak)
rCorr  .         Harm     .     x - +0 pair of gloves
MR     .....                    (no boots)
Stlth  ..........               (no amulet)
                                (no ring)
                                (no ring)

@: no status effects
A: retaliatory headbutt, horns 2
a: no special abilities


You were on level 4 of the Dungeon.
You were hungry.

You visited 1 branch of the dungeon, and saw 4 of its levels.

You collected 187 gold pieces.

Inventory:

Hand Weapons
 a - a +1 long sword (weapon)
Armour
 c - a +0 shield (worn)
 l - a +0 chain mail (worn)
 x - a +0 pair of gloves (worn)
Wands
 e - a wand of iceblast (2/15)
 n - a wand of acid (15/15)
Scrolls
 o - a scroll of amnesia
 q - a scroll of teleportation {unknown}
 t - a scroll of remove curse {unknown}
 u - a scroll of enchant armour {unknown}
 w - a scroll of magic mapping {unknown}
Potions
 d - a potion of might
 g - a potion of magic {unknown}
 h - 3 potions of heal wounds {unknown}
 j - 2 potions of curing {unknown}
 m - a potion of mutation {unknown}
 r - a potion of brilliance {unknown}
 s - a potion of invisibility {unknown}
 v - a potion of berserk rage {unknown}
Comestibles
 f - 3 bread rations
 i - a beef jerky
 k - 4 fruits
 p - 2 meat rations


   Skills:
 + Level 4.3 Fighting
 + Level 4.6 Long Blades
 + Level 4.9 Armour
 + Level 0.4 Dodging
 + Level 0.1 Stealth
 + Level 5.1 Shields


You had 4 spell levels left.
You didn't know any spells.

Dungeon Overview and Level Annotations

Branches:
Dungeon (4/15)
 Temple: D:4-7

Altars:
Hepliaklqana
Kikubaaqudgha
Sif Muna


Innate Abilities, Weirdness & Mutations

You reflexively headbutt those who attack you in melee.
You have a pair of horns on your head.


Message History

You hit the ogre. You headbutt the ogre!
The ogre is heavily wounded.
The ogre hits you with a giant spiked club!
You hit the ogre. Your headbutt misses the ogre.
The ogre is severely wounded.
You barely miss the ogre. Your headbutt misses the ogre.
The ogre is severely wounded.
You block the ogre's attack.
You barely miss the ogre.
The ogre is severely wounded.
The ogre hits you with a giant spiked club.
* * * LOW HITPOINT WARNING * * *
You barely miss the ogre.
The ogre is severely wounded.
The ogre hits you with a giant spiked club!
* * * LOW HITPOINT WARNING * * *
You barely miss the ogre. You headbutt the ogre.
The ogre is severely wounded.
The ogre hits you with a giant spiked club.
You die...

#....................#
#....................#
#.......####.........#
#.......#..#.....#####
#.).....#..'.....#
#.......#..#.....#
#.......#..#.....#
#.......'..#.....#
#......@#..#.....#
#......O#..#.....#
#.......####.....#
#.......# ####.#
#.......# #.......#
#.......# #.......#


You could see an ogre.

Vanquished Creatures
  A scorpion (D:4)
  An orc wizard (D:3)
  Natasha (D:1)
  2 adders (D:2)
  2 oozes (D:2)
  4 worms
  A dart slug (D:2)
  2 leopard geckos
  9 orcs
  13 bats
  4 giant cockroaches
  8 hobgoblins
  2 jackals (D:2)
  13 kobolds
  2 ball pythons
  2 frilled lizards (D:2)
  6 goblins
  A leopard gecko skeleton (D:3)
  5 rats
79 creatures vanquished.

Notes
Turn   | Place    | Note
-------+----------+-------------------------------------------
     0 | D:1      | Peloso the Minotaur Fighter began the quest for the Orb.
     0 | D:1      | Reached XP level 1. HP: 19/19 MP: 0/0
   160 | D:1      | Reached XP level 2. HP: 27/27 MP: 1/1
   697 | D:2      | Noticed Natasha
   705 | D:1      | Noticed a crimson imp
   706 | D:1      | Killed Natasha
   706 | D:1      | Reached XP level 3. HP: 28/33 MP: 2/2
   833 | D:2      | Reached skill level 4 in Shields
   852 | D:2      | Reached XP level 4. HP: 29/40 MP: 3/3
  1086 | D:2      | Found an ancient bone altar of Kikubaaqudgha.
  1164 | D:2      | Found a faded altar of an unknown god.
  1513 | D:3      | Found a hazy altar of Hepliaklqana.
  1513 | D:3      | Found a deep blue altar of Sif Muna.
  1623 | D:3      | Reached XP level 5. HP: 40/46 MP: 4/4
  2018 | D:4      | Reached skill level 5 in Shields
  2241 | D:4      | Noticed an ogre
  2265 | D:4      | HP: 1/47 [ogre/giant spiked club (12)]
  2266 | D:4      | Slain by an ogre

Skill      XL: |  1  2  3  4  5 |
---------------+----------------+-----
Armour         | 4 |  4.9
Fighting       | 4 |  4.3
Long Blades    | 3 4 |  4.6
Shields        | 4 5 |  5.1
Dodging        | |  0.4
Stealth        | |  0.1

Action                   |  1- 3 |  4- 6 || total
-------------------------+-------+-------++-------
Melee: Long sword        |    69 |   129 ||   198
       Headbutt          |     8 |    27 ||    35
  Use: Scroll            |       |     5 ||     5
  Eat: Chunk             |       |     4 ||     4
Armor: Scale mail        |    36 |     9 ||    45
       Chain mail        |       |    83 ||    83
Dodge: Dodged            |    33 |    29 ||    62
Block: Shield            |    42 |    87 ||   129
       Rpst.: Long sword |     2 |     8 ||    10
